[ AOE2 MATCH · #480114746 ]
UnrankedCumans vs Georgians
[ REPLAY ANALYSIS · EXTRACTED FROM THE RECORDED GAME ]
Feudal
9:16
Castle
22:36
Imperial
31:48
| APM avg | 38.4 |
| APM peak | 90 |
| eAPM avg | 16.0 |
| Villagers / military | 142 / 50 |
Focus
⚔️ 22.9% · 🌾 77.1%
Kipchak ×46 · Battering Ram ×4
Feudal
10:33
Castle
14:41
Imperial
29:18
| APM avg | 27.8 |
| APM peak | 52 |
| eAPM avg | 19.1 |
| Villagers / military | 137 / 156 |
Focus
⚔️ 22.1% · 🌾 77.9%
Monaspa ×145 · Trebuchet (Packed) ×8 · Monk ×3
Feudal
10:31
Castle
14:11
Imperial
27:01
| APM avg | 44.5 |
| APM peak | 79 |
| eAPM avg | 21.1 |
| Villagers / military | 131 / 125 |
Focus
⚔️ 30.0% · 🌾 70.0%
Knight ×121 · Monk ×2 · Trebuchet (Packed) ×2
Feudal
11:21
Castle
15:16
Imperial
30:53
| APM avg | 39.3 |
| APM peak | 83 |
| eAPM avg | 25.3 |
| Villagers / military | 150 / 12 |
Focus
⚔️ 21.6% · 🌾 78.4%
Unknown (1908) ×99 · Monk ×5 · Iron Pagoda ×3 · Spearman ×2 · Battering Ram ×1 · Trebuchet (Packed) ×1
Feudal
9:03
Castle
22:55
Imperial
27:07
| APM avg | 37.1 |
| APM peak | 75 |
| eAPM avg | 22.0 |
| Villagers / military | 142 / 63 |
Focus
⚔️ 30.5% · 🌾 69.5%
Hand Cannoneer ×25 · Spearman ×11 · Archer ×10 · Skirmisher ×8 · Bombard Cannon ×6 · Militia ×3
Feudal
11:21
Castle
14:51
Imperial
31:20
| APM avg | 53.3 |
| APM peak | 104 |
| eAPM avg | 29.7 |
| Villagers / military | 119 / 197 |
Focus
⚔️ 43.9% · 🌾 56.1%
Spearman ×170 · Mangonel ×10 · Battering Ram ×10 · Monk ×7
Feudal
11:21
Castle
15:19
Imperial
38:23
| APM avg | 31.3 |
| APM peak | 68 |
| eAPM avg | 19.7 |
| Villagers / military | 148 / 18 |
Focus
⚔️ 31.1% · 🌾 68.9%
Archer ×12 · Mameluke ×4 · Mangonel ×2
Feudal
8:10
Castle
21:22
Imperial
32:01
| APM avg | 29.9 |
| APM peak | 56 |
| eAPM avg | 20.8 |
| Villagers / military | 177 / 61 |
Focus
⚔️ 25.6% · 🌾 74.4%
Archer ×58 · Unknown (2562) ×3 · Trebuchet (Packed) ×3
Match map
Initial resources + every placement click. Lines = walls · curves = elevation contours. ◆ gold · ⬟ stone · ● berries · ✦ relic · ◌ wall gap
Your base· ✓ Closed at 22:36 · 0t walls · 2 gate(s)
Lastmantillidie's base· ✓ Closed at 14:41 · 0t walls · 2 gate(s)
gjizhijian6866's base· ✓ Closed at 14:11 · 0t walls · 3 gate(s)
Rookie's base· ✓ Closed at 15:16 · 0t walls · 3 gate(s)
JOLIAT's base· ✓ Closed at 22:55 · 1t walls · 3 gate(s)
Mau5's base· ✓ Closed at 14:51 · 0t walls · 2 gate(s)
Osho's base· ✓ Closed at 15:19 · 15t walls · 2 gate(s)
RogerRamjet's base· ✓ Closed at 21:22 · 0t walls · 3 gate(s)
Smoothed initial terrain · ◌ = detected wall gap · hover for details
Inputs per minute
— Frankie Fast Hands - - Lastmantillidie
Build order — Frankie Fast Hands
First 150 of 322 actions detected
| 0:00 | Create | Villager (Male) |
| 0:00 | Create | Villager (Male) |
| 0:01 | Build | House |
| 0:03 | Build | House |
| 0:04 | Create | Villager (Male) |
| 0:04 | Create | Villager (Male) |
| 1:37 | Create | Villager (Male) |
| 1:38 | Create | Villager (Male) |
| 1:38 | Create | Villager (Male) |
| 2:18 | Create | Villager (Male) |
| 2:19 | Create | Villager (Male) |
| 2:34 | Build | Lumber Camp |
| 2:52 | Create | Villager (Male) |
| 2:52 | Create | Villager (Male) |
| 2:59 | Create | Villager (Male) |
| 3:00 | Create | Villager (Male) |
| 3:05 | Build | House |
| 3:34 | Create | Villager (Male) |
| 4:01 | Create | Villager (Male) |
| 4:59 | Create | Villager (Male) |
| 5:16 | Create | Villager (Male) |
| 5:38 | Create | Villager (Male) |
| 5:38 | Create | Villager (Male) |
| 5:55 | Build | Mining Camp |
| 6:15 | Research | Loom |
| 6:35 | Research | Feudal Age |
| 7:12 | Build | House |
| 9:11 | Create | Villager (Male) |
| 9:11 | Create | Villager (Male) |
| 9:16 | Age | Feudal Age |
| 9:31 | Build | Town Center |
| 9:33 | Research | Double-Bit Axe |
| 9:35 | Create | Villager (Male) |
| 9:35 | Create | Villager (Male) |
| 10:13 | Build | House |
| 10:51 | Create | Villager (Male) |
| 11:08 | Create | Villager (Male) |
| 11:09 | Create | Villager (Male) |
| 11:20 | Create | Villager (Male) |
| 11:34 | Create | Villager (Male) |
| 11:35 | Create | Villager (Male) |
| 11:44 | Build | Mill |
| 12:04 | Build | House |
| 12:06 | Create | Villager (Male) |
| 12:09 | Build | Farm |
| 12:11 | Create | Villager (Male) |
| 12:18 | Build | Farm |
| 12:36 | Build | Farm |
| 12:39 | Build | Farm |
| 12:44 | Build | House |
| 12:48 | Build | Farm |
| 12:49 | Create | Villager (Male) |
| 12:56 | Build | Farm |
| 13:07 | Build | Watch Tower |
| 13:18 | Create | Villager (Male) |
| 13:18 | Create | Villager (Male) |
| 13:24 | Build | Farm |
| 13:25 | Build | Farm |
| 13:26 | Build | Farm |
| 13:56 | Build | Blacksmith |
| 14:01 | Create | Villager (Male) |
| 14:01 | Create | Villager (Male) |
| 14:07 | Build | Farm |
| 14:08 | Build | Farm |
| 14:09 | Create | Villager (Male) |
| 14:09 | Create | Villager (Male) |
| 14:17 | Build | Farm |
| 14:26 | Build | House |
| 14:34 | Create | Villager (Male) |
| 14:34 | Create | Villager (Male) |
| 14:38 | Build | Farm |
| 14:44 | Build | Farm |
| 14:45 | Create | Villager (Male) |
| 14:45 | Create | Villager (Male) |
| 14:49 | Build | Farm |
| 15:10 | Create | Villager (Male) |
| 15:10 | Create | Villager (Male) |
| 15:10 | Create | Villager (Male) |
| 15:11 | Create | Villager (Male) |
| 15:14 | Build | Farm |
| 15:28 | Build | Market |
| 15:31 | Create | Villager (Male) |
| 15:31 | Create | Villager (Male) |
| 15:35 | Build | Farm |
| 15:36 | Create | Villager (Male) |
| 15:37 | Create | Villager (Male) |
| 15:49 | Build | Farm |
| 15:50 | Create | Villager (Male) |
| 15:50 | Create | Villager (Male) |
| 15:51 | Create | Villager (Male) |
| 16:06 | Create | Villager (Male) |
| 16:06 | Create | Villager (Male) |
| 16:11 | Build | Farm |
| 16:15 | Build | Mining Camp |
| 16:16 | Create | Villager (Male) |
| 16:17 | Create | Villager (Male) |
| 16:35 | Build | House |
| 16:38 | Build | House |
| 16:39 | Create | Villager (Male) |
| 16:40 | Create | Villager (Male) |
| 16:45 | Create | Villager (Male) |
| 16:51 | Create | Villager (Male) |
| 16:51 | Create | Villager (Male) |
| 16:55 | Build | Farm |
| 16:57 | Build | Farm |
| 17:00 | Create | Villager (Male) |
| 17:00 | Create | Villager (Male) |
| 17:07 | Build | House |
| 17:09 | Build | House |
| 17:10 | Create | Villager (Male) |
| 17:20 | Create | Villager (Male) |
| 17:25 | Build | Mill |
| 17:27 | Build | Farm |
| 17:30 | Build | Farm |
| 17:37 | Build | Watch Tower |
| 17:43 | Create | Villager (Male) |
| 17:43 | Create | Villager (Male) |
| 17:50 | Build | Farm |
| 17:59 | Build | Farm |
| 18:10 | Create | Villager (Male) |
| 18:10 | Create | Villager (Male) |
| 18:13 | Build | Farm |
| 18:17 | Build | House |
| 18:18 | Create | Villager (Male) |
| 18:40 | Create | Villager (Male) |
| 18:40 | Create | Villager (Male) |
| 18:49 | Build | Farm |
| 18:50 | Build | Farm |
| 18:57 | Build | House |
| 19:06 | Create | Villager (Male) |
| 19:06 | Create | Villager (Male) |
| 19:09 | Create | Villager (Male) |
| 19:13 | Build | Farm |
| 19:15 | Build | Farm |
| 19:40 | Research | Castle Age |
| 19:40 | Research | Castle Age |
| 19:47 | Build | House |
| 20:12 | Research | Gold Mining |
| 20:15 | Research | Stone Mining |
| 20:36 | Research | Fletching |
| 20:38 | Create | Villager (Male) |
| 20:41 | Research | Horse Collar |
| 20:41 | Research | Horse Collar |
| 20:49 | Create | Villager (Male) |
| 20:49 | Create | Villager (Male) |
| 21:41 | Create | Villager (Male) |
| 21:42 | Create | Villager (Male) |
| 21:43 | Create | Villager (Male) |
| 21:43 | Create | Villager (Male) |
| 22:36 | Age | Castle Age |
Build order — Lastmantillidie
First 150 of 366 actions detected
| 0:02 | Create | Villager (Male) |
| 0:02 | Create | Villager (Male) |
| 0:05 | Build | House |
| 0:06 | Build | House |
| 0:18 | Create | Villager (Male) |
| 0:18 | Create | Villager (Male) |
| 0:18 | Create | Villager (Male) |
| 1:30 | Create | Villager (Male) |
| 2:04 | Create | Villager (Male) |
| 2:04 | Create | Villager (Male) |
| 2:05 | Create | Villager (Male) |
| 2:05 | Create | Villager (Male) |
| 2:34 | Create | Villager (Male) |
| 3:09 | Build | House |
| 3:15 | Build | House |
| 3:16 | Build | House |
| 3:21 | Create | Villager (Male) |
| 3:21 | Create | Villager (Male) |
| 3:43 | Create | Villager (Male) |
| 3:44 | Create | Villager (Male) |
| 3:44 | Create | Villager (Male) |
| 4:10 | Build | House |
| 4:24 | Create | Villager (Male) |
| 4:24 | Create | Villager (Male) |
| 4:51 | Create | Villager (Male) |
| 4:51 | Create | Villager (Male) |
| 5:06 | Build | Mill |
| 5:17 | Create | Villager (Male) |
| 5:18 | Create | Villager (Male) |
| 6:12 | Create | Villager (Male) |
| 6:12 | Create | Villager (Male) |
| 6:12 | Create | Villager (Male) |
| 6:31 | Create | Villager (Male) |
| 7:38 | Build | Farm |
| 7:54 | Create | Villager (Male) |
| 8:16 | Research | Feudal Age |
| 10:21 | Create | Villager (Male) |
| 10:21 | Create | Villager (Male) |
| 10:33 | Age | Feudal Age |
| 10:39 | Build | Market |
| 10:42 | Build | Blacksmith |
| 11:12 | Build | Farm |
| 11:19 | Create | Villager (Male) |
| 12:01 | Research | Castle Age |
| 12:47 | Research | Double-Bit Axe |
| 13:04 | Research | Horse Collar |
| 13:08 | Build | Farm |
| 13:11 | Build | Farm |
| 13:26 | Build | Farm |
| 13:54 | Build | House |
| 14:09 | Build | House |
| 14:10 | Build | House |
| 14:14 | Build | House |
| 14:17 | Create | Villager (Male) |
| 14:41 | Age | Castle Age |
| 14:44 | Build | Town Center |
| 14:51 | Build | Town Center |
| 14:58 | Create | Villager (Male) |
| 15:12 | Build | Monastery |
| 15:20 | Create | Villager (Male) |
| 15:26 | Research | Bow Saw |
| 15:34 | Build | Farm |
| 15:36 | Build | Farm |
| 15:43 | Create | Villager (Male) |
| 15:46 | Build | Farm |
| 15:49 | Build | Farm |
| 15:54 | Create | Villager (Male) |
| 15:55 | Create | Monk |
| 16:12 | Build | Farm |
| 16:13 | Create | Villager (Male) |
| 16:25 | Build | Farm |
| 16:27 | Build | Farm |
| 16:30 | Create | Villager (Male) |
| 16:40 | Build | Farm |
| 16:46 | Build | Farm |
| 16:48 | Create | Villager (Male) |
| 16:52 | Create | Villager (Male) |
| 16:57 | Build | Farm |
| 17:14 | Create | Monk |
| 17:19 | Create | Villager (Male) |
| 17:21 | Build | Farm |
| 17:21 | Create | Villager (Male) |
| 17:24 | Build | Farm |
| 17:27 | Build | Farm |
| 17:29 | Create | Villager (Male) |
| 17:37 | Build | Farm |
| 17:40 | Build | Farm |
| 17:41 | Create | Villager (Male) |
| 17:43 | Build | House |
| 17:48 | Create | Villager (Male) |
| 17:52 | Build | Farm |
| 17:53 | Create | Villager (Male) |
| 18:10 | Build | House |
| 18:11 | Create | Villager (Male) |
| 18:12 | Build | Farm |
| 18:14 | Create | Villager (Male) |
| 18:18 | Create | Villager (Male) |
| 18:23 | Build | House |
| 18:30 | Research | Fervor |
| 18:32 | Create | Villager (Male) |
| 18:35 | Build | Farm |
| 18:38 | Create | Villager (Male) |
| 18:40 | Build | Farm |
| 18:42 | Build | Farm |
| 18:44 | Create | Villager (Male) |
| 18:46 | Build | Farm |
| 18:48 | Build | House |
| 19:05 | Create | Villager (Male) |
| 19:06 | Create | Villager (Male) |
| 19:07 | Create | Villager (Male) |
| 19:18 | Build | Monastery |
| 19:38 | Build | Monastery |
| 19:40 | Create | Villager (Male) |
| 19:41 | Research | Wheelbarrow |
| 19:41 | Create | Villager (Male) |
| 19:46 | Build | Farm |
| 19:49 | Build | Farm |
| 19:50 | Create | Villager (Male) |
| 19:54 | Build | Farm |
| 19:57 | Build | Farm |
| 20:02 | Build | Farm |
| 20:03 | Build | Farm |
| 20:13 | Build | Farm |
| 20:15 | Build | Farm |
| 20:18 | Build | Farm |
| 20:25 | Research | Heavy Plow |
| 20:25 | Research | Heavy Plow |
| 20:26 | Create | Villager (Male) |
| 20:27 | Create | Villager (Male) |
| 20:29 | Build | House |
| 20:31 | Create | Villager (Male) |
| 20:33 | Create | Villager (Male) |
| 20:36 | Build | Farm |
| 20:45 | Build | Farm |
| 20:45 | Create | Villager (Male) |
| 20:46 | Create | Villager (Male) |
| 20:49 | Create | Villager (Male) |
| 20:50 | Create | Villager (Male) |
| 21:02 | Build | House |
| 21:02 | Build | House |
| 21:14 | Build | Farm |
| 21:14 | Create | Villager (Male) |
| 21:15 | Create | Villager (Male) |
| 21:16 | Create | Villager (Male) |
| 21:18 | Create | Villager (Male) |
| 21:20 | Create | Villager (Male) |
| 22:11 | Build | House |
| 22:11 | Build | House |
| 22:13 | Create | Villager (Male) |
| 22:14 | Create | Villager (Male) |
Build order — gjizhijian6866
First 150 of 428 actions detected
| 0:01 | Create | Villager (Male) |
| 0:01 | Create | Villager (Male) |
| 0:02 | Create | Villager (Male) |
| 0:03 | Build | House |
| 0:05 | Build | House |
| 0:23 | Create | Villager (Male) |
| 1:26 | Create | Villager (Male) |
| 2:06 | Create | Villager (Male) |
| 2:06 | Create | Villager (Male) |
| 2:17 | Create | Villager (Male) |
| 2:24 | Build | Lumber Camp |
| 2:47 | Create | Villager (Male) |
| 3:15 | Create | Villager (Male) |
| 3:29 | Create | Villager (Male) |
| 3:50 | Build | House |
| 3:53 | Create | Villager (Male) |
| 4:28 | Create | Villager (Male) |
| 4:35 | Create | Villager (Male) |
| 4:36 | Create | Villager (Male) |
| 4:51 | Build | Mill |
| 5:41 | Create | Villager (Male) |
| 5:44 | Create | Villager (Male) |
| 5:44 | Create | Villager (Male) |
| 5:55 | Build | House |
| 6:11 | Create | Villager (Male) |
| 6:22 | Create | Villager (Male) |
| 6:35 | Build | House |
| 7:41 | Build | Farm |
| 7:43 | Build | Farm |
| 7:45 | Create | Villager (Male) |
| 8:06 | Build | Mining Camp |
| 8:10 | Research | Feudal Age |
| 8:16 | Build | Farm |
| 10:31 | Age | Feudal Age |
| 10:33 | Create | Villager (Male) |
| 10:37 | Build | Blacksmith |
| 10:42 | Build | Market |
| 10:51 | Create | Villager (Male) |
| 11:31 | Research | Castle Age |
| 11:32 | Research | Castle Age |
| 11:38 | Research | Double-Bit Axe |
| 12:11 | Research | Horse Collar |
| 12:46 | Build | Farm |
| 12:53 | Build | Farm |
| 12:59 | Build | House |
| 14:07 | Create | Villager (Male) |
| 14:11 | Age | Castle Age |
| 14:17 | Build | Town Center |
| 14:27 | Build | Town Center |
| 14:28 | Create | Villager (Male) |
| 14:39 | Build | Monastery |
| 14:44 | Research | Bow Saw |
| 14:47 | Create | Villager (Male) |
| 14:53 | Build | Farm |
| 15:07 | Create | Villager (Male) |
| 15:27 | Build | House |
| 15:28 | Create | Monk |
| 15:31 | Create | Villager (Male) |
| 15:37 | Build | Farm |
| 15:46 | Create | Villager (Male) |
| 15:48 | Build | Farm |
| 15:50 | Build | Farm |
| 15:51 | Create | Villager (Male) |
| 15:55 | Create | Villager (Male) |
| 16:10 | Create | Villager (Male) |
| 16:13 | Build | Farm |
| 16:16 | Build | Farm |
| 16:18 | Create | Monk |
| 16:22 | Create | Villager (Male) |
| 16:32 | Build | Farm |
| 16:34 | Build | Farm |
| 16:37 | Build | Farm |
| 16:40 | Build | Farm |
| 16:47 | Create | Villager (Male) |
| 16:50 | Build | Farm |
| 16:51 | Build | Farm |
| 16:53 | Create | Villager (Male) |
| 16:57 | Build | House |
| 16:58 | Build | House |
| 17:07 | Create | Villager (Male) |
| 17:08 | Create | Villager (Male) |
| 17:20 | Build | Farm |
| 17:28 | Create | Villager (Male) |
| 17:41 | Create | Villager (Male) |
| 17:43 | Build | Farm |
| 17:48 | Create | Villager (Male) |
| 17:56 | Create | Villager (Male) |
| 17:58 | Build | Farm |
| 18:03 | Build | House |
| 18:04 | Create | Villager (Male) |
| 18:05 | Create | Villager (Male) |
| 18:12 | Create | Villager (Male) |
| 18:16 | Build | Farm |
| 18:25 | Create | Villager (Male) |
| 18:28 | Create | Villager (Male) |
| 18:33 | Create | Villager (Male) |
| 18:42 | Build | House |
| 18:51 | Build | Town Center |
| 18:55 | Create | Villager (Male) |
| 18:56 | Create | Villager (Male) |
| 19:01 | Create | Villager (Male) |
| 19:13 | Build | House |
| 19:17 | Build | Farm |
| 19:24 | Create | Villager (Male) |
| 19:28 | Build | Farm |
| 19:31 | Research | Wheelbarrow |
| 19:31 | Research | Wheelbarrow |
| 19:35 | Build | Farm |
| 19:38 | Create | Villager (Male) |
| 19:40 | Create | Villager (Male) |
| 19:44 | Build | House |
| 19:55 | Build | Farm |
| 19:58 | Build | Farm |
| 20:08 | Research | Gold Mining |
| 20:11 | Create | Villager (Male) |
| 20:13 | Create | Villager (Male) |
| 20:14 | Create | Villager (Male) |
| 20:17 | Build | House |
| 20:21 | Create | Villager (Male) |
| 20:23 | Build | Farm |
| 20:27 | Build | Farm |
| 20:28 | Create | Villager (Male) |
| 20:29 | Create | Villager (Male) |
| 20:39 | Build | Farm |
| 20:41 | Create | Villager (Male) |
| 20:46 | Build | Farm |
| 20:47 | Build | House |
| 20:54 | Create | Villager (Male) |
| 20:55 | Create | Villager (Male) |
| 20:59 | Create | Villager (Male) |
| 21:01 | Build | Farm |
| 21:02 | Build | Farm |
| 21:05 | Build | Farm |
| 21:09 | Build | Farm |
| 21:10 | Build | Farm |
| 21:16 | Build | University |
| 21:16 | Create | Villager (Male) |
| 21:17 | Create | Villager (Male) |
| 21:18 | Create | Villager (Male) |
| 21:21 | Build | House |
| 21:29 | Create | Villager (Male) |
| 21:31 | Create | Villager (Male) |
| 21:39 | Build | Farm |
| 21:41 | Create | Villager (Male) |
| 21:43 | Build | Farm |
| 21:45 | Create | Villager (Male) |
| 21:47 | Create | Villager (Male) |
| 21:52 | Build | Barracks |
| 21:55 | Create | Villager (Male) |
| 22:00 | Build | Farm |
Build order — Rookie
First 150 of 427 actions detected
| 0:00 | Create | Villager (Male) |
| 0:00 | Create | Villager (Male) |
| 0:00 | Create | Villager (Male) |
| 0:02 | Build | House |
| 0:04 | Build | House |
| 0:54 | Create | Villager (Male) |
| 0:54 | Create | Villager (Male) |
| 0:55 | Create | Villager (Male) |
| 1:28 | Create | Villager (Male) |
| 1:28 | Create | Villager (Male) |
| 1:28 | Create | Villager (Male) |
| 1:45 | Create | Villager (Male) |
| 1:45 | Create | Villager (Male) |
| 1:45 | Create | Villager (Male) |
| 1:48 | Build | Lumber Camp |
| 2:18 | Create | Villager (Male) |
| 2:19 | Create | Villager (Male) |
| 2:19 | Create | Villager (Male) |
| 2:27 | Create | Villager (Male) |
| 3:01 | Build | House |
| 3:02 | Build | House |
| 3:07 | Create | Villager (Male) |
| 3:07 | Create | Villager (Male) |
| 3:07 | Create | Villager (Male) |
| 3:19 | Create | Villager (Male) |
| 3:59 | Create | Villager (Male) |
| 3:59 | Create | Villager (Male) |
| 3:59 | Create | Villager (Male) |
| 4:47 | Create | Villager (Male) |
| 4:47 | Create | Villager (Male) |
| 5:23 | Create | Villager (Male) |
| 5:23 | Create | Villager (Male) |
| 5:23 | Create | Villager (Male) |
| 5:38 | Create | Villager (Male) |
| 5:38 | Create | Villager (Male) |
| 5:38 | Create | Villager (Male) |
| 6:01 | Build | Mill |
| 6:11 | Create | Villager (Male) |
| 6:11 | Create | Villager (Male) |
| 6:42 | Create | Villager (Male) |
| 7:20 | Build | House |
| 7:21 | Build | House |
| 7:56 | Create | Villager (Male) |
| 7:56 | Create | Villager (Male) |
| 8:08 | Build | Farm |
| 8:10 | Build | Farm |
| 8:32 | Create | Villager (Male) |
| 8:34 | Research | Feudal Age |
| 8:40 | Build | Farm |
| 8:41 | Build | Farm |
| 9:09 | Build | Mining Camp |
| 10:43 | Create | Villager (Male) |
| 10:44 | Create | Villager (Male) |
| 10:44 | Create | Villager (Male) |
| 11:21 | Age | Feudal Age |
| 11:27 | Build | Market |
| 11:52 | Build | Blacksmith |
| 12:26 | Research | Castle Age |
| 12:29 | Research | Double-Bit Axe |
| 12:36 | Research | Horse Collar |
| 12:36 | Research | Horse Collar |
| 13:55 | Research | Wheelbarrow |
| 15:16 | Age | Castle Age |
| 15:40 | Create | Villager (Male) |
| 15:40 | Create | Villager (Male) |
| 15:45 | Build | Town Center |
| 15:47 | Research | Bow Saw |
| 15:53 | Build | Town Center |
| 15:59 | Research | Heavy Plow |
| 16:39 | Build | Siege Workshop |
| 17:02 | Build | Lumber Camp |
| 17:11 | Create | Battering Ram |
| 17:16 | Create | Iron Pagoda |
| 17:20 | Build | Monastery |
| 17:22 | Create | Villager (Male) |
| 17:22 | Create | Villager (Male) |
| 17:27 | Build | Farm |
| 17:33 | Create | Villager (Male) |
| 17:37 | Build | Farm |
| 17:43 | Create | Villager (Male) |
| 17:43 | Create | Villager (Male) |
| 17:47 | Create | Villager (Male) |
| 17:49 | Create | Villager (Male) |
| 17:54 | Create | Monk |
| 17:54 | Create | Monk |
| 17:58 | Build | House |
| 18:13 | Build | Farm |
| 18:13 | Build | Farm |
| 18:31 | Create | Villager (Male) |
| 18:35 | Create | Villager (Male) |
| 18:37 | Build | Farm |
| 18:38 | Build | Farm |
| 18:42 | Build | Farm |
| 18:42 | Build | Farm |
| 18:43 | Create | Villager (Male) |
| 18:46 | Build | Farm |
| 18:56 | Build | Mining Camp |
| 19:05 | Create | Villager (Male) |
| 19:05 | Create | Villager (Male) |
| 19:05 | Create | Villager (Male) |
| 19:09 | Build | Farm |
| 19:35 | Build | Farm |
| 19:39 | Build | Farm |
| 19:40 | Build | Farm |
| 19:41 | Build | Farm |
| 19:41 | Build | Farm |
| 19:42 | Build | Farm |
| 19:43 | Create | Villager (Male) |
| 19:48 | Create | Villager (Male) |
| 19:49 | Create | Villager (Male) |
| 19:52 | Create | Villager (Male) |
| 19:52 | Create | Villager (Male) |
| 19:52 | Create | Villager (Male) |
| 20:06 | Create | Iron Pagoda |
| 20:08 | Create | Villager (Male) |
| 20:08 | Create | Villager (Male) |
| 20:23 | Build | House |
| 20:24 | Build | House |
| 20:25 | Build | House |
| 20:26 | Create | Villager (Male) |
| 20:26 | Create | Villager (Male) |
| 20:27 | Create | Villager (Male) |
| 20:34 | Build | Farm |
| 20:35 | Build | Farm |
| 20:37 | Build | Farm |
| 20:38 | Build | Farm |
| 20:39 | Build | Farm |
| 20:40 | Build | Farm |
| 20:40 | Build | Farm |
| 20:46 | Research | Loom |
| 20:46 | Create | Villager (Male) |
| 20:47 | Create | Villager (Male) |
| 20:50 | Build | House |
| 20:51 | Build | House |
| 20:51 | Build | House |
| 20:52 | Build | House |
| 21:08 | Create | Villager (Male) |
| 21:24 | Create | Villager (Male) |
| 21:24 | Create | Villager (Male) |
| 21:32 | Create | Villager (Male) |
| 21:36 | Create | Villager (Male) |
| 21:50 | Create | Villager (Male) |
| 21:51 | Create | Villager (Male) |
| 22:12 | Create | Villager (Male) |
| 22:12 | Create | Villager (Male) |
| 22:19 | Build | Town Center |
| 22:23 | Create | Villager (Male) |
| 22:35 | Create | Villager (Male) |
| 22:36 | Create | Villager (Male) |
| 22:40 | Create | Villager (Male) |
Build order — JOLIAT
First 150 of 360 actions detected
| 0:01 | Create | Villager (Male) |
| 0:03 | Build | House |
| 0:04 | Build | House |
| 0:21 | Create | Villager (Male) |
| 0:21 | Create | Villager (Male) |
| 0:22 | Create | Villager (Male) |
| 1:34 | Create | Villager (Male) |
| 1:35 | Create | Villager (Male) |
| 2:03 | Create | Villager (Male) |
| 2:03 | Create | Villager (Male) |
| 2:17 | Build | Lumber Camp |
| 2:23 | Create | Villager (Male) |
| 2:23 | Create | Villager (Male) |
| 2:45 | Create | Villager (Male) |
| 2:45 | Create | Villager (Male) |
| 3:12 | Create | Villager (Male) |
| 3:12 | Create | Villager (Male) |
| 3:27 | Build | House |
| 3:34 | Build | House |
| 3:39 | Create | Villager (Male) |
| 3:39 | Create | Villager (Male) |
| 3:39 | Create | Villager (Male) |
| 4:30 | Create | Villager (Male) |
| 4:45 | Create | Villager (Male) |
| 4:46 | Create | Villager (Male) |
| 5:05 | Create | Villager (Male) |
| 5:05 | Create | Villager (Male) |
| 5:05 | Create | Villager (Male) |
| 5:06 | Create | Villager (Male) |
| 5:44 | Build | Mill |
| 5:59 | Build | House |
| 6:53 | Research | Feudal Age |
| 6:53 | Research | Feudal Age |
| 7:20 | Build | Mining Camp |
| 8:03 | Create | Villager (Male) |
| 8:35 | Build | Barracks |
| 8:52 | Research | Loom |
| 8:55 | Create | Militia |
| 8:56 | Create | Militia |
| 8:56 | Create | Militia |
| 9:03 | Age | Feudal Age |
| 9:03 | Build | House |
| 9:11 | Build | Watch Tower |
| 10:01 | Build | Stone Wall |
| 10:04 | Create | Villager (Male) |
| 10:20 | Create | Villager (Male) |
| 10:20 | Create | Villager (Male) |
| 10:21 | Create | Villager (Male) |
| 10:43 | Build | Mining Camp |
| 10:46 | Research | Double-Bit Axe |
| 10:54 | Build | Outpost |
| 10:58 | Create | Villager (Male) |
| 11:08 | Create | Villager (Male) |
| 11:28 | Build | House |
| 11:36 | Build | Archery Range |
| 11:40 | Create | Villager (Male) |
| 12:06 | Build | House |
| 12:10 | Build | Blacksmith |
| 12:13 | Create | Archer |
| 12:13 | Create | Archer |
| 12:14 | Create | Villager (Male) |
| 12:38 | Build | Watch Tower |
| 12:44 | Create | Archer |
| 12:50 | Research | Fletching |
| 12:54 | Create | Villager (Male) |
| 13:16 | Create | Villager (Male) |
| 13:23 | Create | Spearman |
| 13:46 | Create | Villager (Male) |
| 14:03 | Create | Archer |
| 14:05 | Build | House |
| 14:48 | Create | Archer |
| 15:13 | Build | Watch Tower |
| 15:13 | Create | Villager (Male) |
| 15:21 | Build | Market |
| 15:47 | Create | Villager (Male) |
| 15:47 | Create | Villager (Male) |
| 15:53 | Create | Archer |
| 16:25 | Create | Villager (Male) |
| 16:42 | Research | Horse Collar |
| 16:42 | Create | Villager (Male) |
| 16:48 | Build | House |
| 16:53 | Build | House |
| 16:55 | Research | Wheelbarrow |
| 16:56 | Create | Archer |
| 17:00 | Build | Outpost |
| 17:31 | Build | Farm |
| 17:33 | Build | Farm |
| 17:35 | Build | Farm |
| 17:37 | Build | Farm |
| 17:37 | Build | Farm |
| 17:39 | Build | Farm |
| 17:52 | Build | Farm |
| 17:54 | Build | Farm |
| 17:56 | Build | Farm |
| 17:58 | Build | Farm |
| 18:01 | Build | Farm |
| 18:06 | Create | Villager (Male) |
| 18:30 | Create | Archer |
| 18:35 | Build | Stable |
| 18:37 | Create | Villager (Male) |
| 18:40 | Build | Farm |
| 18:40 | Build | Farm |
| 18:57 | Create | Villager (Male) |
| 19:33 | Create | Villager (Male) |
| 19:54 | Build | Farm |
| 20:15 | Research | Castle Age |
| 20:15 | Research | Castle Age |
| 20:25 | Build | House |
| 20:55 | Create | Archer |
| 22:55 | Age | Castle Age |
| 23:05 | Build | Siege Workshop |
| 23:07 | Create | Villager (Male) |
| 23:10 | Build | University |
| 23:15 | Build | Town Center |
| 23:28 | Create | Villager (Male) |
| 23:50 | Build | Town Center |
| 23:54 | Research | Imperial Age |
| 24:11 | Build | House |
| 24:43 | Research | Chemistry |
| 24:43 | Research | Chemistry |
| 24:57 | Create | Villager (Male) |
| 25:40 | Build | Archery Range |
| 25:42 | Create | Villager (Male) |
| 25:42 | Create | Villager (Male) |
| 25:43 | Research | Padded Archer Armor |
| 26:00 | Build | Town Center |
| 26:02 | Create | Villager (Male) |
| 26:12 | Research | Heavy Plow |
| 26:30 | Research | Bow Saw |
| 26:32 | Create | Villager (Male) |
| 26:33 | Create | Villager (Male) |
| 26:39 | Create | Villager (Male) |
| 26:45 | Build | Gate |
| 26:54 | Build | House |
| 26:55 | Create | Villager (Male) |
| 26:56 | Create | Villager (Male) |
| 26:56 | Create | Villager (Male) |
| 27:07 | Age | Imperial Age |
| 27:17 | Create | Hand Cannoneer |
| 27:17 | Create | Hand Cannoneer |
| 27:19 | Create | Hand Cannoneer |
| 27:34 | Research | Two-Man Saw |
| 27:35 | Research | Two-Man Saw |
| 27:38 | Create | Villager (Male) |
| 27:39 | Create | Villager (Male) |
| 27:39 | Create | Villager (Male) |
| 27:39 | Create | Villager (Male) |
| 27:42 | Build | Farm |
| 27:50 | Create | Villager (Male) |
| 28:00 | Create | Hand Cannoneer |
Build order — Mau5
First 150 of 471 actions detected
| 0:01 | Create | Villager (Male) |
| 0:01 | Create | Villager (Male) |
| 0:01 | Create | Villager (Male) |
| 0:03 | Build | House |
| 0:04 | Build | House |
| 0:05 | Build | House |
| 0:18 | Create | Villager (Male) |
| 1:27 | Create | Villager (Male) |
| 1:27 | Create | Villager (Male) |
| 1:47 | Build | Lumber Camp |
| 1:58 | Create | Villager (Male) |
| 1:58 | Create | Villager (Male) |
| 1:59 | Create | Villager (Male) |
| 2:25 | Create | Villager (Male) |
| 2:25 | Create | Villager (Male) |
| 2:26 | Create | Villager (Male) |
| 2:26 | Create | Villager (Male) |
| 3:19 | Create | Villager (Male) |
| 3:20 | Create | Villager (Male) |
| 3:46 | Create | Villager (Male) |
| 3:46 | Create | Villager (Male) |
| 3:58 | Build | House |
| 4:09 | Create | Villager (Male) |
| 4:09 | Create | Villager (Male) |
| 4:15 | Build | Mill |
| 4:56 | Create | Villager (Male) |
| 4:56 | Create | Villager (Male) |
| 4:57 | Create | Villager (Male) |
| 5:34 | Create | Villager (Male) |
| 5:34 | Create | Villager (Male) |
| 5:38 | Build | House |
| 5:39 | Build | House |
| 5:40 | Build | House |
| 5:40 | Build | House |
| 5:50 | Create | Villager (Male) |
| 5:50 | Create | Villager (Male) |
| 5:50 | Create | Villager (Male) |
| 6:06 | Build | Lumber Camp |
| 6:28 | Create | Villager (Male) |
| 6:29 | Create | Villager (Male) |
| 7:08 | Build | Farm |
| 7:10 | Create | Villager (Male) |
| 7:11 | Create | Villager (Male) |
| 7:36 | Build | Farm |
| 7:56 | Build | Mining Camp |
| 8:25 | Build | Farm |
| 8:48 | Build | Farm |
| 8:54 | Research | Feudal Age |
| 8:54 | Research | Feudal Age |
| 9:44 | Create | Villager (Male) |
| 9:44 | Create | Villager (Male) |
| 11:21 | Age | Feudal Age |
| 11:22 | Build | Market |
| 11:24 | Build | Blacksmith |
| 12:09 | Research | Castle Age |
| 12:09 | Research | Castle Age |
| 12:09 | Research | Castle Age |
| 14:04 | Create | Villager (Male) |
| 14:06 | Research | Double-Bit Axe |
| 14:06 | Research | Double-Bit Axe |
| 14:30 | Create | Villager (Male) |
| 14:51 | Age | Castle Age |
| 14:53 | Build | Monastery |
| 14:55 | Build | Siege Workshop |
| 15:02 | Research | Bow Saw |
| 15:02 | Research | Bow Saw |
| 15:02 | Research | Bow Saw |
| 15:20 | Create | Villager (Male) |
| 15:35 | Research | Sanctity |
| 15:36 | Create | Monk |
| 15:38 | Create | Monk |
| 16:01 | Build | Farm |
| 16:01 | Build | Farm |
| 16:02 | Build | Farm |
| 16:06 | Create | Villager (Male) |
| 16:08 | Create | Villager (Male) |
| 16:26 | Create | Mangonel |
| 16:26 | Create | Mangonel |
| 16:31 | Build | Outpost |
| 16:35 | Create | Villager (Male) |
| 16:38 | Create | Villager (Male) |
| 16:43 | Build | Farm |
| 16:53 | Build | Outpost |
| 17:08 | Create | Mangonel |
| 17:09 | Create | Mangonel |
| 17:11 | Create | Villager (Male) |
| 17:18 | Research | Redemption |
| 18:03 | Create | Villager (Male) |
| 18:04 | Create | Monk |
| 18:37 | Create | Villager (Male) |
| 18:39 | Build | House |
| 18:40 | Build | House |
| 18:40 | Build | House |
| 18:40 | Build | House |
| 18:40 | Build | House |
| 18:41 | Build | House |
| 18:41 | Build | Farm |
| 18:43 | Create | Villager (Male) |
| 18:49 | Create | Mangonel |
| 18:49 | Create | Mangonel |
| 18:49 | Create | Mangonel |
| 19:36 | Create | Villager (Male) |
| 19:38 | Create | Villager (Male) |
| 19:40 | Build | Mining Camp |
| 19:45 | Create | Mangonel |
| 19:45 | Create | Mangonel |
| 19:48 | Create | Villager (Male) |
| 19:50 | Build | Town Center |
| 20:00 | Build | Outpost |
| 20:31 | Create | Mangonel |
| 20:51 | Create | Battering Ram |
| 20:51 | Create | Battering Ram |
| 20:54 | Create | Villager (Male) |
| 21:19 | Create | Monk |
| 21:19 | Create | Monk |
| 22:41 | Create | Battering Ram |
| 23:02 | Create | Battering Ram |
| 23:22 | Create | Battering Ram |
| 23:24 | Create | Villager (Male) |
| 23:25 | Create | Villager (Male) |
| 23:26 | Create | Villager (Male) |
| 23:28 | Build | Town Center |
| 23:34 | Build | Town Center |
| 23:38 | Create | Villager (Male) |
| 23:42 | Create | Villager (Male) |
| 23:45 | Create | Villager (Male) |
| 23:50 | Create | Battering Ram |
| 24:01 | Create | Monk |
| 24:09 | Create | Battering Ram |
| 24:34 | Create | Villager (Male) |
| 24:35 | Create | Villager (Male) |
| 24:35 | Create | Villager (Male) |
| 24:37 | Create | Villager (Male) |
| 24:37 | Create | Villager (Male) |
| 24:37 | Create | Villager (Male) |
| 24:38 | Create | Monk |
| 25:03 | Create | Villager (Male) |
| 25:03 | Create | Villager (Male) |
| 25:04 | Create | Villager (Male) |
| 25:05 | Build | Farm |
| 25:06 | Build | Farm |
| 25:06 | Build | Farm |
| 25:06 | Build | Farm |
| 25:07 | Build | Farm |
| 25:07 | Build | Farm |
| 25:07 | Build | Farm |
| 25:07 | Build | Farm |
| 25:08 | Build | Farm |
| 25:08 | Build | Farm |
| 25:08 | Build | Farm |
Build order — Osho
First 150 of 248 actions detected
| 0:00 | Create | Villager (Male) ×4 |
| 0:02 | Build | House |
| 0:03 | Build | House |
| 1:29 | Create | Villager (Male) |
| 1:30 | Create | Villager (Male) |
| 1:51 | Build | Lumber Camp |
| 2:01 | Create | Villager (Male) |
| 2:17 | Create | Villager (Male) |
| 2:52 | Create | Villager (Male) |
| 3:00 | Create | Villager (Male) |
| 3:25 | Build | House |
| 3:26 | Build | House |
| 3:39 | Create | Villager (Male) |
| 3:55 | Create | Villager (Male) |
| 3:55 | Create | Villager (Male) |
| 4:16 | Build | Mill |
| 4:26 | Create | Villager (Male) |
| 4:51 | Create | Villager (Male) |
| 5:12 | Create | Villager (Male) |
| 5:23 | Create | Villager (Male) |
| 6:04 | Create | Villager (Male) |
| 6:12 | Create | Villager (Male) |
| 6:40 | Create | Villager (Male) |
| 6:45 | Create | Villager (Male) |
| 6:57 | Create | Villager (Male) |
| 7:22 | Create | Villager (Male) |
| 7:35 | Build | Lumber Camp |
| 8:09 | Build | Farm |
| 8:11 | Build | Farm |
| 8:12 | Build | Farm |
| 8:24 | Research | Loom |
| 8:31 | Build | House |
| 8:48 | Research | Feudal Age |
| 8:48 | Research | Feudal Age |
| 8:59 | Build | Palisade Wall |
| 9:11 | Build | Mining Camp |
| 9:18 | Build | Palisade Wall |
| 10:12 | Build | House |
| 11:21 | Age | Feudal Age |
| 11:21 | Create | Villager (Male) |
| 11:25 | Build | Watch Tower |
| 11:26 | Create | Villager (Male) |
| 11:30 | Build | Market |
| 11:36 | Build | Blacksmith |
| 12:03 | Create | Villager (Male) |
| 12:39 | Research | Castle Age |
| 12:39 | Research | Castle Age |
| 13:24 | Build | House |
| 13:26 | Build | House |
| 13:38 | Build | House |
| 13:41 | Build | Watch Tower |
| 13:51 | Research | Fletching |
| 13:51 | Research | Fletching |
| 13:54 | Research | Double-Bit Axe |
| 14:49 | Create | Villager (Male) |
| 15:19 | Age | Castle Age |
| 15:24 | Build | Siege Workshop |
| 15:27 | Build | House |
| 15:28 | Create | Villager (Male) |
| 15:42 | Create | Villager (Male) |
| 15:58 | Create | Villager (Male) |
| 16:02 | Build | Farm |
| 16:03 | Build | Farm |
| 16:04 | Build | Farm |
| 16:05 | Build | Farm |
| 16:11 | Build | Farm |
| 16:16 | Create | Villager (Male) |
| 16:19 | Build | Mining Camp |
| 16:38 | Create | Mangonel |
| 16:52 | Create | Villager (Male) |
| 16:52 | Create | Villager (Male) |
| 17:04 | Build | House |
| 17:06 | Build | House |
| 17:24 | Create | Villager (Male) |
| 17:33 | Create | Mangonel |
| 17:54 | Build | Farm |
| 17:59 | Create | Villager (Male) |
| 18:15 | Create | Villager (Male) |
| 18:55 | Create | Villager (Male) |
| 19:31 | Create | Villager (Male) |
| 19:59 | Build | Castle |
| 20:36 | Create | Villager (Male) |
| 20:36 | Create | Villager (Male) |
| 20:58 | Create | Villager (Male) |
| 21:11 | Build | Castle |
| 21:37 | Create | Villager (Male) |
| 21:38 | Create | Villager (Male) |
| 23:37 | Create | Villager (Male) ×2 |
| 23:38 | Create | Villager (Male) ×2 |
| 23:43 | Build | Farm |
| 23:49 | Build | Farm |
| 23:50 | Build | Farm |
| 23:50 | Build | Farm |
| 23:50 | Build | Farm |
| 23:50 | Build | Farm |
| 23:56 | Build | House |
| 23:58 | Build | House |
| 24:09 | Create | Villager (Male) |
| 24:09 | Create | Villager (Male) |
| 24:45 | Create | Villager (Male) |
| 24:48 | Build | House |
| 24:55 | Create | Villager (Male) |
| 25:08 | Create | Villager (Male) |
| 25:08 | Create | Villager (Male) |
| 25:31 | Create | Villager (Male) |
| 25:31 | Create | Villager (Male) |
| 25:58 | Build | Town Center |
| 26:00 | Create | Villager (Male) |
| 26:14 | Build | Town Center |
| 26:28 | Create | Villager (Male) |
| 26:29 | Create | Villager (Male) |
| 27:05 | Build | Farm |
| 27:10 | Create | Villager (Male) |
| 27:10 | Create | Villager (Male) |
| 27:14 | Build | Farm |
| 27:19 | Build | Farm |
| 27:21 | Create | Villager (Male) |
| 27:22 | Create | Villager (Male) |
| 27:25 | Create | Villager (Male) |
| 27:39 | Create | Villager (Male) ×2 |
| 27:39 | Create | Villager (Male) ×2 |
| 27:42 | Create | Villager (Male) |
| 27:43 | Build | Farm |
| 27:51 | Build | Farm |
| 27:58 | Create | Villager (Male) |
| 28:01 | Build | Lumber Camp |
| 28:11 | Create | Villager (Male) |
| 28:21 | Build | Farm |
| 28:26 | Build | Farm |
| 28:32 | Build | Farm |
| 28:33 | Create | Villager (Male) ×2 |
| 28:33 | Create | Villager (Male) |
| 28:42 | Create | Villager (Male) |
| 28:49 | Build | Farm |
| 28:51 | Build | Farm |
| 28:53 | Create | Villager (Male) |
| 29:04 | Build | Farm |
| 29:07 | Build | Farm |
| 29:08 | Create | Villager (Male) |
| 29:08 | Create | Villager (Male) |
| 29:11 | Create | Villager (Male) |
| 29:11 | Create | Villager (Male) |
| 29:20 | Build | Farm |
| 29:20 | Build | Farm |
| 29:25 | Create | Villager (Male) |
| 29:29 | Build | Farm |
| 29:35 | Create | Villager (Male) |
| 29:36 | Create | Villager (Male) |
| 29:39 | Create | Villager (Male) |
| 29:48 | Create | Villager (Male) |
Build order — RogerRamjet
First 150 of 382 actions detected
| 0:02 | Build | House |
| 0:02 | Create | Villager (Male) |
| 0:03 | Create | Villager (Male) |
| 0:04 | Build | House |
| 0:04 | Create | Villager (Male) |
| 0:08 | Create | Villager (Male) |
| 0:09 | Create | Villager (Male) |
| 1:23 | Create | Villager (Male) |
| 1:24 | Create | Villager (Male) |
| 1:53 | Build | Settlement |
| 1:57 | Create | Villager (Male) |
| 1:57 | Create | Villager (Male) |
| 2:18 | Create | Villager (Male) |
| 2:44 | Create | Villager (Male) |
| 3:10 | Create | Villager (Male) |
| 3:10 | Create | Villager (Male) |
| 3:26 | Create | Villager (Male) |
| 3:26 | Create | Villager (Male) |
| 3:55 | Create | Villager (Male) |
| 4:08 | Create | Villager (Male) |
| 4:49 | Create | Villager (Male) |
| 5:01 | Create | Villager (Male) |
| 5:05 | Research | Loom |
| 6:00 | Research | Feudal Age |
| 6:01 | Research | Feudal Age |
| 6:51 | Create | Villager (Male) |
| 6:51 | Create | Villager (Male) |
| 7:23 | Create | Villager (Male) |
| 7:57 | Create | Villager (Male) |
| 8:10 | Age | Feudal Age |
| 8:12 | Research | Double-Bit Axe |
| 8:13 | Research | Horse Collar |
| 8:17 | Build | Watch Tower |
| 8:32 | Build | Settlement |
| 8:44 | Create | Villager (Male) |
| 9:09 | Create | Villager (Male) |
| 9:14 | Create | Villager (Male) |
| 9:46 | Create | Villager (Male) |
| 9:50 | Build | House |
| 9:51 | Build | Blacksmith |
| 10:15 | Create | Villager (Male) |
| 10:36 | Build | Watch Tower |
| 10:44 | Create | Villager (Male) |
| 10:51 | Create | Villager (Male) |
| 11:19 | Research | Fletching |
| 11:19 | Research | Fletching |
| 11:31 | Build | House |
| 11:36 | Create | Villager (Male) |
| 12:03 | Build | Watch Tower |
| 12:07 | Create | Villager (Male) |
| 12:23 | Create | Villager (Male) |
| 12:33 | Create | Villager (Male) |
| 12:45 | Create | Villager (Male) |
| 13:02 | Build | Farm |
| 13:02 | Build | Farm |
| 13:16 | Build | Farm |
| 13:31 | Create | Villager (Male) |
| 13:32 | Build | Farm |
| 13:41 | Build | Farm |
| 14:02 | Create | Villager (Male) |
| 14:02 | Create | Villager (Male) |
| 14:09 | Build | Farm |
| 14:19 | Create | Villager (Male) |
| 14:20 | Build | Farm |
| 14:32 | Create | Villager (Male) |
| 14:34 | Build | Farm |
| 14:35 | Build | Farm |
| 14:46 | Create | Villager (Male) |
| 14:48 | Build | Farm |
| 14:57 | Create | Villager (Male) |
| 15:03 | Create | Villager (Male) |
| 15:08 | Create | Villager (Male) |
| 15:10 | Build | Settlement |
| 15:46 | Build | Market |
| 16:05 | Build | Farm |
| 16:11 | Create | Villager (Male) |
| 16:22 | Research | Town Watch |
| 16:23 | Research | Town Watch |
| 16:26 | Build | Farm |
| 16:30 | Create | Villager (Male) |
| 17:02 | Build | Farm |
| 17:04 | Build | House |
| 17:33 | Create | Villager (Male) |
| 17:35 | Build | House |
| 17:53 | Build | Farm |
| 18:00 | Create | Villager (Male) |
| 18:25 | Create | Villager (Male) |
| 18:28 | Build | Farm |
| 18:42 | Research | Castle Age |
| 18:47 | Build | Farm |
| 19:27 | Create | Villager (Male) |
| 20:30 | Create | Villager (Male) |
| 21:13 | Create | Villager (Male) |
| 21:18 | Create | Villager (Male) |
| 21:22 | Age | Castle Age |
| 21:47 | Create | Villager (Male) |
| 21:48 | Create | Villager (Male) |
| 22:10 | Create | Villager (Male) |
| 22:24 | Create | Villager (Male) |
| 22:30 | Create | Villager (Male) |
| 22:31 | Create | Villager (Male) |
| 22:31 | Create | Villager (Male) |
| 22:33 | Build | Town Center |
| 22:36 | Create | Villager (Male) |
| 22:59 | Create | Villager (Male) |
| 23:08 | Create | Villager (Male) |
| 23:08 | Create | Villager (Male) |
| 23:09 | Create | Villager (Male) |
| 23:10 | Create | Villager (Male) |
| 23:28 | Build | Town Center |
| 23:32 | Research | Wheelbarrow |
| 23:33 | Research | Wheelbarrow |
| 23:33 | Create | Villager (Male) |
| 23:34 | Create | Villager (Male) |
| 23:46 | Create | Villager (Male) |
| 23:46 | Create | Villager (Male) |
| 23:49 | Build | Town Center |
| 24:09 | Build | Farm |
| 24:12 | Build | Farm |
| 24:30 | Build | Farm |
| 24:31 | Build | Farm |
| 24:34 | Create | Villager (Male) |
| 24:35 | Create | Villager (Male) |
| 24:49 | Build | Farm |
| 24:50 | Build | Farm |
| 24:52 | Create | Villager (Male) |
| 24:58 | Build | Farm |
| 25:21 | Build | Farm |
| 25:24 | Research | Heavy Plow |
| 25:51 | Build | Farm |
| 25:52 | Build | Farm |
| 25:55 | Create | Villager (Male) |
| 25:55 | Create | Villager (Male) |
| 25:55 | Create | Villager (Male) |
| 25:56 | Create | Villager (Male) |
| 25:56 | Create | Villager (Male) |
| 26:00 | Create | Villager (Male) |
| 26:01 | Create | Villager (Male) |
| 26:08 | Create | Villager (Male) |
| 26:09 | Create | Villager (Male) |
| 26:09 | Create | Villager (Male) |
| 26:09 | Create | Villager (Male) |
| 26:10 | Create | Villager (Male) |
| 26:32 | Build | Farm |
| 26:35 | Create | Villager (Male) |
| 26:36 | Create | Villager (Male) |
| 26:46 | Create | Villager (Male) |
| 26:47 | Create | Villager (Male) |
| 27:02 | Create | Villager (Male) |
| 27:10 | Create | Villager (Male) |
Match timeline
| 8:10 | RogerRamjet · age_up feudal |
| 8:35 | JOLIAT · first_building Barracks |
| 8:59 | Osho · wall_segment Palisade Wall x9 |
| 9:03 | JOLIAT · age_up feudal |
| 9:16 | Frankie Fast Hands · age_up feudal |
| 9:18 | Osho · wall_segment Palisade Wall x6 |
| 10:01 | JOLIAT · wall_segment Stone Wall x1 |
| 10:31 | gjizhijian6866 · age_up feudal |
| 10:33 | Lastmantillidie · age_up feudal |
| 11:21 | Rookie · age_up feudal |
| 11:21 | Osho · age_up feudal |
| 11:21 | Mau5 · age_up feudal |
| 11:36 | JOLIAT · first_building Archery Range |
| 12:35 | Osho · first_market_sell 100 wood |
| 14:11 | gjizhijian6866 · age_up castle |
| 14:39 | gjizhijian6866 · first_building Monastery |
| 14:41 | Lastmantillidie · age_up castle |
| 14:51 | Mau5 · age_up castle |
| 14:53 | Mau5 · first_building Monastery |
| 14:55 | Mau5 · first_building Siege Workshop |
| 15:12 | Lastmantillidie · first_building Monastery |
| 15:16 | Rookie · age_up castle |
| 15:19 | Osho · age_up castle |
| 15:24 | Osho · first_building Siege Workshop |
| 16:35 | JOLIAT · first_market_buy 100 food |
| 16:39 | Rookie · first_building Siege Workshop |
| 17:14 | Mau5 · first_market_sell 100 food |
| 17:20 | Rookie · first_building Monastery |
| 17:46 | Rookie · first_market_buy 100 food |
| 18:35 | JOLIAT · first_building Stable |
| 19:29 | Osho · first_market_buy 500 stone |
| 19:59 | Osho · first_building Castle |
| 21:22 | RogerRamjet · age_up castle |
| 21:40 | Rookie · first_market_sell 100 wood |
| 21:52 | gjizhijian6866 · first_building Barracks |
| 22:36 | Frankie Fast Hands · age_up castle |
| 22:55 | JOLIAT · age_up castle |
| 23:00 | gjizhijian6866 · first_building Stable |
| 23:00 | Frankie Fast Hands · first_building Castle |
| 23:05 | JOLIAT · first_building Siege Workshop |
| 24:07 | Frankie Fast Hands · first_market_buy 100 wood |
| 25:36 | gjizhijian6866 · first_building Castle |
| 25:50 | Rookie · first_building Barracks |
| 25:58 | Lastmantillidie · first_market_sell 100 wood |
| 25:59 | Lastmantillidie · first_market_buy 100 stone |
| 26:03 | Lastmantillidie · first_building Castle |
| 26:40 | Mau5 · first_market_buy 100 food |
| 27:01 | gjizhijian6866 · age_up imperial |
| 27:07 | JOLIAT · age_up imperial |
| 27:10 | RogerRamjet · first_market_buy 100 stone |
| 27:12 | Mau5 · first_building Barracks |
| 27:24 | Mau5 · first_building Castle |
| 27:31 | RogerRamjet · first_building Castle |
| 27:32 | Frankie Fast Hands · first_building Siege Workshop |
| 27:33 | Rookie · first_building Stable |
| 27:44 | Lastmantillidie · first_building Barracks |
| 27:51 | Frankie Fast Hands · first_market_sell 100 wood |
| 28:08 | Lastmantillidie · first_building Stable |
| 28:23 | Rookie · first_building Castle |
| 28:46 | RogerRamjet · first_building Barracks |
| 29:18 | Lastmantillidie · age_up imperial |
| 29:18 | RogerRamjet · first_building Archery Range |
| 30:53 | Rookie · age_up imperial |
| 31:20 | Mau5 · age_up imperial |
| 31:48 | Frankie Fast Hands · age_up imperial |
| 32:01 | RogerRamjet · age_up imperial |
| 32:25 | JOLIAT · wall_segment Stone Wall x3 |
| 32:32 | JOLIAT · wall_segment Stone Wall x3 |
| 33:13 | JOLIAT · wall_segment Stone Wall x2 |
| 33:14 | Osho · first_building Monastery |
| 34:15 | gjizhijian6866 · first_building Siege Workshop |
| 35:33 | Osho · first_building Barracks |
| 35:49 | JOLIAT · first_building Castle |
| 35:57 | Osho · wall_segment Stone Wall x1 |
| 36:12 | Osho · wall_segment Stone Wall x3 |
| 36:31 | Osho · first_building Archery Range |
| 37:19 | Frankie Fast Hands · resign |
| 38:23 | Osho · age_up imperial |
[ AI ANALYSIS · 1 CREDIT ]
What really happened in this match?
Wolo.gg analyzes every decision: build order, eco, micro, common mistakes by bracket. Personalized analysis on WhatsApp or Discord in 30 seconds.
Civ guide
Cumans
Perfil
Jugador #4652249